 Dungeon Crawl Stone Soup version 0.28-a0-1002-gf00fe891ef (webtiles) character file.

Game seed: 11325258332293567275

30 Umoon2 the Ducker (level 3, 0/28 HPs)
             Began as a Demonspawn Gladiator on Dec 7, 2021.
             Slain by a goblin (6 damage)
             ... led by Robin
             ... on level 2 of the Dungeon.
             The game lasted 00:01:08 (775 turns).

Umoon2 the Ducker (Demonspawn Gladiator)             Turns: 775, Time: 00:01:09

Health: 0/28       AC:  3    Str: 16    XL:     3   Next: 5%
Magic:  3/3        EV: 12    Int:  9    God:
Gold:   38         SH:  4    Dex: 14    Spells: 2/2 levels left

rFire   . . .      SeeInvis .   e - +2 dagger (venom)
rCold   . . .      Faith    .   (no shield)
rNeg    . . .      Spirit   .   b - +0 leather armour
rPois   .          Reflect  .   (helmet restricted)
rElec   .          Harm     .   (no cloak)
rCorr   .          Rampage  .   (no gloves)
Will    +....                   (no boots)
Stlth   +.........              (no amulet)
HPRegen 0.09/turn               h - ring of willpower
MPRegen 0.08/turn               (no ring)

@: brilliant
A: horns 1, condensation shield
a: no special abilities


You were on level 2 of the Dungeon.
You visited 1 branch of the dungeon, and saw 2 of its levels.

You collected 38 gold pieces.

Inventory:

Hand Weapons
 a - a +0 rapier
 e - a +2 dagger of venom (weapon)
Missiles
 d - 3 throwing nets (quivered)
Armour
 b - a +0 leather armour (worn)
 c - a +0 helmet
Jewellery
 h - a ring of willpower (left hand)
Scrolls
 i - a scroll of vulnerability {unknown}
 j - a scroll of enchant weapon {unknown}
 k - 3 scrolls of identify {unknown}
Potions
 g - a potion of mutation {unknown}


   Skills:
 + Level 2.5 Fighting
 - Level 2.6 Short Blades
 - Level 1.7 Throwing
 + Level 1.2 Armour
 + Level 3.1 Dodging


You had 2 spell levels left.
You didn't know any spells.
Your spell library was empty.

Dungeon Overview and Level Annotations

Branches:
Dungeon (1/15)

Altars:

Shops:
D:2 [

Annotations:
D:2 Robin


Innate Abilities, Weirdness & Mutations

You have a pair of small horns on your head.
A meltable shield of frost defends you. (SH +4)


Message History

You hit the goblin.
You kill the goblin!
The hobgoblin barely misses you. Robin throws the goblin at you!
You hit the goblin.
The goblin is poisoned.
The goblin is moderately wounded.
You kill the goblin!
The hobgoblin closely misses you. The goblin hits you with a +0 dagger.
You have reached level 3!
Your experience leads to an increase in your attributes!
Increase (S)trength, (I)ntelligence, or (D)exterity?
You feel stronger. x2; Your demonic ancestry asserts itself...
Frost condenses into a shield before you.
You barely miss the goblin.
The hobgoblin hits you but does no damage.
The goblin hits you but does no damage.
You hit the goblin.
The goblin is poisoned.
You headbutt the goblin.
You kill the goblin!
The goblin hits you but does no damage. The hobgoblin misses you.
Unknown command.
Robin throws the goblin at you! You block the goblin's attack.
The hobgoblin misses you.
You see here a +0 dagger.
The goblin no longer looks unusually strong.
Robin roars a battlecry!
The goblin goes into a battle-frenzy!
You block the goblin's attack. The goblin hits you with a +0 club.
* * * LOW HITPOINT WARNING * * *
The goblin no longer looks unusually strong.
The hobgoblin no longer looks unusually strong.
The goblin hits you with a +0 club.
* * * LOW HITPOINT WARNING * * *
The goblin no longer looks unusually strong.
The hobgoblin no longer looks unusually strong.
The hobgoblin no longer looks unusually strong.
You see here a +0 short sword.
It was a potion of brilliance.
You feel clever all of a sudden. The goblin hits you with a +0 club.
You die...

#...# #..#
#######gg#
#.....##)##
#.....##.>#
#.....###)###
#......g....#
+#####...g.g.....#
.......@ggg......#
........g........#
......####.......#
...... #.......#
..... #.......# ≈
.....
#.......#≈≈≈≈ .###
#####....≈≈∩.
#####≈≈≈≈ #≈≈≈


You could see Robin, 3 hobgoblins and 3 goblins.

Vanquished Creatures
  An endoplasm (D:1)
  8 goblins
  3 hobgoblins
  3 jackals (D:1)
  2 ball pythons (D:1)
  2 bats (D:1)
  4 frilled lizards (D:1)
  3 kobolds
  2 rats
28 creatures vanquished.

Notes
Turn   | Place    | Note
-------+----------+-------------------------------------------
     0 | D:1      | Umoon2 the Demonspawn Gladiator began the quest for the
                  | Orb.
     0 | D:1      | Reached XP level 1. HP: 16/16 MP: 1/1
    57 | D:1      | Found a faded altar of an unknown god.
   201 | D:1      | Gained mutation: You have a pair of small horns on your
                  | head. [demonic ancestry]
   201 | D:1      | Reached XP level 2. HP: 22/22 MP: 2/2
   336 | D:1      | Reached skill level 3 in Dodging
   517 | D:1      | Reached skill level 1 in Armour
   584 | D:1      | You fall into a shaft and drop 1 floor!
   739 | D:2      | Found Cyra's Armour Emporium.
   753 | D:2      | Noticed Robin
   763 | D:2      | Gained mutation: A meltable shield of frost defends you.
                  | (SH +4) [demonic ancestry]
   763 | D:2      | Reached XP level 3. HP: 12/28 MP: 3/3
   775 | D:2      | Slain by a goblin

Illustrated notes

Levels and vault maps discovered:
D:1:      minmay_arrival_wavy_path, layout_loops_ring,
          ebering_ecumenical_altar_sacrificial
D:2:      layout_basic, serial_shops, nicolae_shop_waterfront, uniq_robin

Skill      XL: |  1  2 |
---------------+-------+-----
Dodging        | 3 |  3.1
Armour         | 1 |  1.2
Fighting       | |  2.5
Short Blades   | |  2.6
Throwing       | |  1.7

Action                   || total
-------------------------++-------
Melee: Dagger            ||    65
       Rapier            ||     1
       Headbutt          ||     6
  Use: Potion            ||     1
Armor: Leather armour    ||    28
Dodge: Dodged            ||    29
Block: Other             ||     2

Table legend: (Time is in decaauts)
 A = Elapsed time spent in this place.
 B = Non-inter-level travel time spent in this place.
 C = Inter-level travel time spent in this place.
 D = Time resting spent in this place.
 E = Time spent auto-exploring this place.
 F = Levels seen in this place.
 G = Mean time per level.
                   A        B        C        D        E       F      G
               +--------+--------+--------+--------+--------+-----+--------+
         Total |    765 |    765 |      0 |      0 |    615 |   2 |  382.5 |
       Dungeon |    765 |    765 |      0 |      0 |    615 |   2 |  382.5 |
               +--------+--------+--------+--------+--------+-----+--------+

Top non-repeatable levels by time:
     D:1: 576 daAuts
     D:2: 188 daAuts
